 Dungeon Crawl Stone Soup version 0.25-a0-617-g20d90ebb82 (webtiles) character file.

Game seed: 9774444172742536043, levelgen mode: deterministic

869 Glundar the Chopper (level 7, -2/53 HPs)
             Began as a Demonspawn Fighter on Mar 18, 2020.
             Killed by divine providence
             ... invoked by an orc priest
              (14 damage)
             ... on level 4 of the Dungeon.
             The game lasted 00:20:23 (5186 turns).

Glundar the Chopper (Demonspawn Fighter)            Turns: 5186, Time: 00:20:23

Health: -2/53      AC: 14    Str: 18    XL:     7   Next: 73%
Magic:  7/7        EV:  2    Int: 10    God:
Gold:   175        SH:  9    Dex: 12    Spells: 6/6 levels left

rFire    . . .     SeeInvis .   a - +1 whip (flame)
rCold    + . .     Gourm    .   c - +0 kite shield
rNeg     . . .     Faith    .   D - +0 plate armour
rPois    .         Spirit   .   v - +0 helmet
rElec    .         Reflect  .   (no cloak)
rCorr    .         Harm     .   (no gloves)
MR       .....                  p - +0 pair of boots
Stlth    ..........             (no amulet)
HPRegen  0.17/turn              (no ring)
MPRegen  0.10/turn              (no ring)

@: no status effects
A: rugged brown scales 1, cold resistance 1, powered by pain 2
a: no special abilities


You were on level 4 of the Dungeon.
You were not hungry.

You visited 1 branch of the dungeon, and saw 4 of its levels.

You collected 175 gold pieces.

Inventory:

Hand Weapons
 a - a +1 whip of flaming (weapon)
 b - a +0 hunting sling
 m - a +2 dagger of speed
 q - a +0 war axe
 y - a +2 dagger of protection
 E - a +2 dagger of venom
 F - a +0 vampiric whip
Missiles
 h - 210 stones (quivered)
 w - 4 sling bullets
 A - 6 poisoned darts
Armour
 c - a +0 kite shield (worn)
 p - a +0 pair of boots (worn)
 v - a +0 helmet (worn)
 D - a +0 plate armour (worn)
Jewellery
 l - an uncursed ring of stealth {unknown}
 t - an uncursed amulet of harm {unknown}
Scrolls
 e - 3 scrolls of identify {unknown}
 g - 3 scrolls of fear {unknown}
 k - 3 scrolls of teleportation {unknown}
 o - a scroll of fog {unknown}
 r - 3 scrolls of remove curse {unknown}
 s - 2 scrolls of magic mapping {unknown}
 x - a scroll of blinking {unknown}
 B - a scroll of amnesia {unknown}
Potions
 d - a potion of might
 i - 3 potions of flight {unknown}
 j - a potion of brilliance {unknown}
 u - a potion of berserk rage {unknown}
 z - a potion of cancellation {unknown}
 C - 3 potions of curing {unknown}
Comestibles
 f - 7 rations
 n - a chunk of flesh


   Skills:
 - Level 3.1 Fighting
 - Level 5.8 Axes
 + Level 0.0(3.4) Maces & Flails
 + Level 5.3 Slings
 - Level 2.8 Armour
 - Level 2.8 Shields


You had 6 spell levels left.
You didn't know any spells.
Your spell library was empty.

Dungeon Overview and Level Annotations

Branches:
Dungeon (4/15)
 Temple: D:4-7

Altars:
Cheibriados
Makhleb
Ru
Trog
Yredelemnul

Annotations:
D:3 3 runed translucent doors, paps's ghost, amateur DsGl


Innate Abilities, Weirdness & Mutations

You are partially covered in rugged brown scales. (AC +1, +3% HP)
Your flesh is cold resistant. (rC+)
You sometimes gain power by taking damage.


Message History

An orc wizard comes into view. It is wielding a +0 short sword.
The orc wizard shouts!
The orc priest shouts!
The orc wizard mumbles some strange words.
The orc wizard flickers and vanishes!
Deactivating autopickup; reactivate with Ctrl-A.
There is a stone staircase leading up here.
Some of the chunks of flesh in your inventory have rotted away.
There is an open door here.
The orc priest hits you with a +0 falchion.
* * * LOW HITPOINT WARNING * * *
The orc priest looks braver for a moment.
An orc wizard appears from thin air!
Reactivating autopickup.
The orc priest looks braver for a moment.
The ogre hits you with a +0 giant spiked club.
* * * LOW HITPOINT WARNING * * *
The orc priest mumbles some strange prayers to Beogh against you.
Beogh smites you!
You die...

# ####### ## # #.....#
.# # #.....##...# #
#.....##...############
#.....++...+..........'
##.....##...##########.#
#...........# #.#
+......@....# #.# #.
#....O......### #.# #.#
#..>..........## #.# #.#
#..o.....####..# #.# #.#
#........# ##.## #.#
#.#####.o......# #..#
#.# #..............#
##.## #.#
#........####### #..#
#.# #........# ##.# #.#


You could see an ogre, an orc priest and an orc wizard.

Vanquished Creatures
  Pikel (D:4)
  A slave (D:3)
  An ogre (D:4)
  A phantom (D:4)
  An orc priest (D:3)
  A worker ant (D:4)
  Robin (D:3)
  A gnoll (D:3)
  6 adders
  A worm (D:2)
  5 dart slugs
  4 leopard geckos
  10 orcs
  3 giant cockroaches
  14 goblins
  6 hobgoblins
  3 quokkas
  A ball python (D:3)
  7 bats
  9 frilled lizards
  12 kobolds
  4 rats
93 creatures vanquished.

Vanquished Creatures (others)
  An orc priest (D:4)
  An orc (D:4)
  2 fungi (D:3)
  2 plants (D:3)
6 creatures vanquished.

Grand Total: 99 creatures vanquished

Notes
Turn   | Place    | Note
-------+----------+-------------------------------------------
     0 | D:1      | Glundar the Demonspawn Fighter began the quest for the Orb.
     0 | D:1      | Reached XP level 1. HP: 18/18 MP: 1/1
   135 | D:1      | Gained mutation: You are partially covered in rugged brown
                  | scales. (AC +1, +3% HP) [demonic ancestry]
   135 | D:1      | Reached XP level 2. HP: 18/24 MP: 2/2
   573 | D:1      | Reached skill level 1 in Slings
   799 | D:2      | Reached XP level 3. HP: 21/29 MP: 3/3
  1735 | D:2      | Gained mutation: Your flesh is cold resistant. (rC+)
                  | [demonic ancestry]
  1735 | D:2      | Reached XP level 4. HP: 34/36 MP: 4/4
  1758 | D:2      | Found a basalt altar of Yredelemnul.
  1759 | D:2      | Found a bloodstained altar of Trog.
  2753 | D:3      | Gained mutation: You sometimes gain a little power by
                  | taking damage. [demonic ancestry]
  2753 | D:3      | Reached XP level 5. HP: 7/42 MP: 5/5
  3241 | D:3      | Found a runed translucent gate.
  3241 | D:3      | Found a runed translucent gate.
  3241 | D:3      | Noticed paps's ghost (amateur DsGl)
  3242 | D:3      | Found a runed translucent gate.
  3292 | D:3      | Found a sacrificial altar of Ru.
  3334 | D:3      | Found a burning altar of Makhleb.
  3398 | D:3      | Noticed Robin
  3467 | D:3      | Killed Robin
  3521 | D:3      | Found a faded altar of an unknown god.
  3732 | D:4      | Noticed a phantom
  3818 | D:4      | Killed a phantom
  3818 | D:4      | Reached XP level 6. HP: 23/48 MP: 6/6
  4296 | D:4      | Found a snail-covered altar of Cheibriados.
  4610 | D:4      | Noticed a slave
  4611 | D:4      | Noticed Pikel
  4611 | D:4      | Noticed a slave
  4667 | D:3      | Killed a slave
  4910 | D:4      | Killed Pikel
  4910 | D:4      | Reached skill level 5 in Axes
  4910 | D:4      | Reached skill level 5 in Slings
  4910 | D:4      | Gained mutation: You sometimes gain power by taking damage.
                  | [demonic ancestry]
  4910 | D:4      | Reached XP level 7. HP: 30/53 MP: 7/7
  5186 | D:4      | Killed from afar by an orc priest

Levels and vault maps discovered:
D:1:      lemuel_arrival_room, layout_basic
D:2:      layout_loops_corners, gammafunk_temple_overflow_statue
D:3:      layout_rooms, lemuel_crystal_altar, nicolae_ru_the_path_less_chosen,
          chequers_ecumenical_altar_simple_redux, first_ration,
          gammafunk_ghost_nasty_kobolds, minmay_fractal_squares_diagonal_5,
          uniq_robin
D:4:      layout_basic, cheibriados_altar_1, uniq_pikel

Skill      XL: |  1  2  3  4  5  6 |
---------------+-------------------+-----
Axes           | 2 3 4 5 |  5.8
Slings         | 1 2 3 5 |  5.3
Fighting       | |  3.1
Armour         | |  2.8
Shields        | |  2.8

Action                   |  1- 3 |  4- 6 |  7- 9 || total
-------------------------+-------+-------+-------++-------
Melee: War axe           |    34 |       |       ||    34
       Dagger            |    95 |   371 |     4 ||   470
       Whip              |       |       |    10 ||    10
  Use: Potion            |       |     1 |       ||     1
  Eat: Chunk             |     2 |     4 |     1 ||     7
       Ration            |       |     2 |       ||     2
Armor: Scale mail        |    12 |       |       ||    12
       Plate armour      |    43 |   206 |     2 ||   251
Dodge: Dodged            |    21 |    21 |     1 ||    43
Block: Kite shield       |    40 |   109 |     6 ||   155

Table legend:
 A = Non-vault XP
 B = Vault XP
 C = Vault XP percentage of total XP
 D = Non-vault monster count
 E = Vault monster count
 F = Vault count percentage of total count
                 A         B        C        D         E       F
            +---------+---------+-------+---------+---------+-------
      Total |     520 |     722 |  58.1 |      69 |      23 |  25.0
            +---------+---------+-------+---------+---------+-------
        D:1 |      37 |       0 |   0.0 |      18 |       0 |   0.0
        D:2 |      70 |       6 |   7.9 |      25 |       3 |  10.7
        D:3 |     116 |      75 |  39.3 |      19 |      19 |  50.0
        D:4 |     297 |     641 |  68.3 |       7 |       1 |  12.5
            +---------+---------+-------+---------+---------+-------
